 Dungeon Crawl Stone Soup version 0.19.1 (webtiles) character file.

5035 JeffiDaFish the Blocker (level 10, -7/64 HPs)
             Began as a Gargoyle Fighter on Dec 2, 2016.
             Was an Initiate of Makhleb.
             Mangled by a hill giant
             ... wielding a +0 giant club
              (14 damage)
             ... on level 12 of the Dungeon on Dec 3, 2016.
             The game lasted 00:21:41 (8161 turns).

JeffiDaFish the Blocker (Gargoyle Fighter)          Turns: 8161, Time: 00:21:41

Health: -7/64      AC: 36    Str: 19    XL:     10   Next: 55%
Magic:  16/16      EV:  3    Int: 10    God:    Makhleb [......]
Gold:   151        SH: 20    Dex: 12    Spells: 1 memorised, 14 levels left

rFire  . . .     SeeInvis .     s - +1 flail (protect)
rCold  + . .     Gourm    .     b - +0 plate armour
rNeg   + + +     Faith    .     e - +1 large shield
rPois  ∞         Spirit   .     B - +0 helmet
rElec  +         Reflect  +     A - +0 cloak
rCorr  .         Harm     .     (no gloves)
MR     .....                    d - +1 pair of boots
Stlth  ..........               h - +3 amulet of reflection
                                t - ring "Saluf" {*Corrode rElec rPois rC+ rN++}
                                y - +4 ring of protection

@: protection aura
A: mutation resistance 1, negative energy resistance 1, electricity resistance,
unbreathing, petrification resistance, rot immunity, AC +7
a: Renounce Religion


You were on level 12 of the Dungeon.
You worshipped Makhleb.
Makhleb was noncommittal.
You were not hungry.

You visited 2 branches of the dungeon, and saw 11 of its levels.
You also visited: Ossuary.

You collected 496 gold pieces.
You spent 345 gold pieces at shops.

Inventory:

Hand Weapons
 s - a +1 flail of protection (weapon)
Armour
 b - a +0 plate armour (worn)
 d - a +1 pair of boots (worn)
 e - a +1 large shield (worn)
 A - a +0 cloak (worn)
 B - a +0 helmet (worn)
Jewellery
 h - a +3 amulet of reflection (around neck)
 t - the ring "Saluf" (right hand) {*Corrode rElec rPois rC+ rN++}
   (You found it on level 5 of the Dungeon)

   [ring of poison resistance]

   It protects you from cold.
   It insulates you from electricity.
   It protects you from poison.
   It greatly protects you from negative energy.
   It may corrode you when you take damage.
 y - a +4 ring of protection (left hand)
Scrolls
 j - 4 scrolls of teleportation
 k - 4 scrolls of identify
 l - 6 scrolls of remove curse
 p - 3 scrolls of blinking
 r - a scroll of recharging
 w - 3 scrolls of fear
 x - 2 scrolls of magic mapping
Potions
 n - a potion of magic
 q - 3 potions of flight
 v - a potion of cancellation
 z - a potion of curing
Books
 m - Kikubaaqudgha's Papyrus of Evil Rituals
   (You found it on level 8 of the Dungeon)

   Spells                             Type                      Level
   a - Pain                           Necromancy                   1
 o - a book of Conjurations

   Spells                             Type                      Level
   a - Magic Dart                     Conjuration                  1
   b - Searing Ray                    Conjuration                  2
   c - Dazzling Spray                 Conjuration/Hexes            3
   d - Fulminant Prism                Conjuration/Hexes            4
   e - Iskenderun's Mystic Blast      Conjuration                  4
   f - Iskenderun's Battlesphere      Conjuration/Charms           5
 u - a book of Frost

   Spells                             Type                      Level
   a - Freeze                         Ice                          1
   b - Throw Frost                    Conjuration/Ice              2
   c - Ozocubu's Armour               Charms/Ice                   3
   d - Throw Icicle                   Conjuration/Ice              4
   e - Summon Ice Beast               Ice/Summoning                4
Comestibles
 a - 5 fruits
 c - 8 beef jerkies
 f - 8 bread rations
 g - a chunk of flesh
 i - 4 meat rations


   Skills:
 * Level 7.6 Fighting
 * Level 6.6 Maces & Flails
 * Level 7.8 Armour
 - Level 0.4 Dodging
 - Level 0.5 Stealth
 * Level 8.4 Shields
 + Level 4.1 Spellcasting
 + Level 4.6 Conjurations
 + Level 3.6 Hexes


You had 14 spell levels left.
You knew the following spells:

 Your Spells              Type           Power        Failure   Level  Hunger
a - Dazzling Spray        Conj/Hex       ##....       100%        3    ###....


Dungeon Overview and Level Annotations

Branches:
Dungeon (9/15)             Temple (1/1) D:7
   Lair: D:8-11         Orc: D:9-12

Altars:
Ashenzari
Cheibriados
Dithmenos
Kikubaaqudgha
Makhleb
Nemelex Xobeh
Okawaru
Sif Muna
Vehumet
Zin
The Shining One

Shops:
D:4 ?   D:8 [


Innate Abilities, Weirdness & Mutations

You are resistant to torment.
Your stone body is resilient. (AC +7)
You are immune to poison.
You resist negative energy. (rN+)
You are resistant to electric shocks. (rElec)
You can survive without breathing.
You are immune to petrification.
You are immune to rotting.
You are somewhat resistant to further mutation.


Message History

You block the hill giant's attack.
You sock the hill giant!
The hill giant is heavily wounded.
You thump the hill giant!
The hill giant is severely wounded.
You block the hill giant's attack.
The hill giant hits you with a giant club!
* * * LOW HITPOINT WARNING * * *
You hit the hill giant.
The hill giant is almost dead.
You hit the hill giant.
The hill giant is almost dead.
The hill giant hits you with a giant club!
* * * LOW HITPOINT WARNING * * *
You completely miss the hill giant.
The hill giant is almost dead.
You block the hill giant's attack.
You feel better.
The hill giant hits you with a giant club!
You die...

....#.# ...#.# .
#...##########..
#......?....... #
##..<.[....### ###.
#.........# .....
##......$......
......####y..........###
!......@Ctyy............
......###y#s............
..... K()#.........#..#
.... ..K###..../........
.......# $.$.##########
.. ...# !..%# . ...
....# ## ####


You could see a hill giant, a crocodile, a scorpion and 4 killer bees.

Vanquished Creatures
  Pikel (D:7)
  Maurice (D:8)
  A wyvern (D:7)
  A hungry ghost (D:8)
  Menkaure (D:7)
  Edmund (D:5)
  A water moccasin (D:7)
  2 black bears
  3 ice beasts
  2 sky beasts
  4 ogres
  3 centaurs
  4 bullfrogs
  2 big kobolds
  A scorpion (D:6)
  A troll zombie (Ossuary)
  7 killer bees
  7 wights
  A howler monkey (D:3)
  2 crimson imps
  2 bullfrog zombies
  3 centaur zombies
  2 centaur skeletons
  3 hounds
  2 human zombies (Ossuary)
  2 jellies (D:7)
  An orc priest (D:6)
  3 bullfrog skeletons
  3 iguanas
  4 orc wizards
  4 worker ants
  2 ogre zombies (Ossuary)
  8 mummies
  4 gnolls (D:5)
  A howler monkey skeleton (D:6)
  5 adders
  An ooze (D:7)
  5 adder zombies
  2 adder skeletons
  4 worms
  A dart slug (D:1)
  4 leopard geckos
  19 orcs
  9 giant cockroaches
  A gnoll zombie (Ossuary)
  3 goblins
  6 hobgoblins
  8 jackals
  6 quokkas
  A ball python (D:2)
  11 bats
  8 frilled lizards
  2 goblin zombies (Ossuary)
  4 hobgoblin zombies (Ossuary)
  11 kobolds
  4 kobold zombies (Ossuary)
  A leopard gecko zombie (D:8)
  A quokka skeleton (D:4)
  2 quokka zombies (Ossuary)
  6 rats
  6 rat zombies (Ossuary)
221 creatures vanquished.

Vanquished Creatures (others)
  4 slaves (D:7)
  A killer bee (D:7)
  A jackal skeleton (D:5)
  A kobold (D:12)
7 creatures vanquished.

Grand Total: 228 creatures vanquished

Notes
Turn   | Place    | Note
-------+----------+-------------------------------------------
     0 | D:1      | JeffiDaFish the Gargoyle Fighter began the quest for the Orb.
     0 | D:1      | Reached XP level 1. HP: 14/14 MP: 1/1
   121 | D:1      | Reached XP level 2. HP: 19/19 MP: 2/2
   466 | D:1      | Reached XP level 3. HP: 24/24 MP: 3/3
  1314 | D:3      | Reached skill level 4 in Shields
  1314 | D:3      | Reached XP level 4. HP: 15/29 MP: 4/4
  1837 | D:3      | Learned a level 3 spell: Dazzling Spray
  1882 | D:3      | Reached XP level 5. HP: 30/33 MP: 5/5
  2364 | D:4      | Reached skill level 1 in Conjurations
  2364 | D:4      | Reached XP level 6. HP: 38/39 MP: 5/7
  2509 | D:4      | Found Jim Ipol's Magic Scroll Boutique.
  2713 | D:4      | Found an iron altar of Okawaru.
  2749 | D:4      | Found a sparkling altar of Nemelex Xobeh.
  2749 | D:4      | Found a shattered altar of Ashenzari.
  2754 | D:4      | Found a glowing silver altar of Zin.
  2756 | D:4      | Found a glowing golden altar of the Shining One.
  2758 | D:4      | Found an iron altar of Okawaru.
  3072 | D:5      | Entered Level 5 of the Dungeon
  3081 | D:5      | Reached skill level 1 in Spellcasting
  3081 | D:5      | Reached skill level 1 in Hexes
  3178 | D:5      | Noticed Edmund
  3182 | D:5      | Reached XP level 7. HP: 35/44 MP: 8/8
  3192 | D:5      | Killed Edmund
  3192 | D:5      | Reached skill level 5 in Shields
  3281 | D:5      | Reached skill level 5 in Fighting
  3290 | D:5      | Got a scorched glass ring
  3297 | D:5      | Identified the ring "Saluf" {*Corrode rElec rPois rC+ rN++} (You found it on level 5 of the Dungeon)
  3415 | D:5      | Found a sand-covered staircase.
  3425 | Ossuary  | Entered an ossuary
  3552 | Ossuary  | Reached skill level 5 in Armour
  3612 | Ossuary  | Reached XP level 8. HP: 18/49 MP: 11/11
  4527 | D:5      | Reached skill level 6 in Shields
  5496 | D:6      | Reached XP level 9. HP: 43/55 MP: 12/12
  5635 | D:6      | Reached skill level 5 in Maces & Flails
  6261 | D:7      | Reached skill level 7 in Shields
  6281 | D:7      | Noticed Pikel
  6303 | D:7      | Killed Pikel
  6709 | D:7      | Reached XP level 10. HP: 63/63 MP: 15/15
  6763 | D:7      | Gained mutation: You are somewhat resistant to further mutation. [potion of mutation]
  7055 | D:7      | Noticed Menkaure
  7064 | D:7      | Killed Menkaure
  7116 | D:7      | Found a staircase to the Ecumenical Temple.
  7121 | D:7      | Reached skill level 8 in Shields
  7129 | Temple   | Entered the Ecumenical Temple
  7149 | Temple   | Became a worshipper of Makhleb the Destroyer
  7506 | D:8      | Found an ancient bone altar of Kikubaaqudgha.
  7506 | D:8      | Found a deep blue altar of Sif Muna.
  7508 | D:8      | Found a radiant altar of Vehumet.
  7510 | D:8      | Identified Kikubaaqudgha's Papyrus of Evil Rituals
  7761 | D:8      | Found Xeacriuc's Armour Shop.
  7764 | D:8      | Bought a +0 plate armour for 345 gold pieces
  7994 | D:8      | Noticed Maurice
  8055 | D:8      | Killed Maurice
  8121 | D:9      | You fall through a shaft for 3 floors!
  8125 | D:12     | Noticed a hill giant
  8159 | D:12     | HP: 2/64 [hill giant/giant club (7)]
  8161 | D:12     | Mangled by a hill giant

Skill      XL: |  1  2  3  4  5  6  7  8  9 10 |
---------------+-------------------------------+-----
Shields        | 4 5 6 7 8 |  8.4
Armour         | 4 5 6 7 |  7.8
Fighting       | 4 5 6 7 |  7.6
Maces & Flails | 3 4 6 |  6.6
Conjurations   | 1 2 3 4 |  4.6
Spellcasting   | 1 2 3 4 |  4.1
Hexes          | 1 2 3 |  3.6
Dodging        | |  0.4
Stealth        | |  0.5

Action                   |  1- 3 |  4- 6 |  7- 9 | 10-12 || total
-------------------------+-------+-------+-------+-------++-------
Melee: Flail             |   196 |   198 |   684 |   258 ||  1336
  Use: Scroll            |     8 |     3 |     7 |     5 ||    23
       Potion            |     4 |     3 |     8 |     4 ||    19
  Eat: Chunk             |     2 |    16 |    13 |     2 ||    33
       Meat ration       |       |       |       |     1 ||     1
Armor: Scale mail        |   105 |   106 |   318 |       ||   529
       Chain mail        |       |       |   121 |    73 ||   194
       Plate armour      |       |       |       |    91 ||    91
Dodge: Dodged            |    48 |    32 |   138 |    38 ||   256
Block: Shield            |    44 |       |       |       ||    44
       Large shield      |   100 |   190 |   788 |   265 ||  1343
       Reflection        |       |       |       |     2 ||     2
